 Dungeon Crawl Stone Soup version 0.24.1-11-gbbbb2193e6 (webtiles) character file.

Game seed: 18055385511178793882, levelgen mode: deterministic

620 Peloso the Slasher (level 7, -4/56 (59) HPs)
             Began as a Ghoul Fighter on May 14, 2020.
             Slain by an ogre
             ... wielding a +0 giant club
              (13 damage)
             ... on level 5 of the Dungeon.
             The game lasted 00:11:03 (4424 turns).

Peloso the Slasher (Ghoul Fighter)                  Turns: 4424, Time: 00:11:03

HP:   -4/56 (59)    AC: 10    Str: 20    XL:     7   Next: 46%
MP:   6/6           EV:  6    Int:  3    God:
Gold: 198           SH:  9    Dex: 10    Spells: 6/6 levels left

rFire    . . .     SeeInvis +   a - +0 long sword
rCold    + . .     Gourm    .   c - +0 shield
rNeg     + + +     Faith    .   d - +0 chain mail
rPois    ∞         Spirit   .   (no helmet)
rElec    .         Reflect  .   r - +0 cloak (curse)
rCorr    .         Harm     .   (no gloves)
MR       .....                  (no boots)
Stlth    ..........             (no amulet)
HPRegen  0.00/turn              t - ring of see invisible
MPRegen  0.10/turn              j - ring of stealth

@: rotting
A: rotting body, claws 1, carnivore, cold resistance 1, negative energy
resistance 3, inhibited regeneration, torment resistance, unbreathing
a: no special abilities


You were on level 5 of the Dungeon.
You were not hungry.

You visited 1 branch of the dungeon, and saw 5 of its levels.

You collected 198 gold pieces.

Inventory:

Hand Weapons
 a - a +0 long sword (weapon)
 o - a +0 dagger of venom
Armour
 b - a +0 scale mail
 c - a +0 shield (worn)
 d - a +0 chain mail (worn)
 r - a cursed +0 cloak (worn)
Jewellery
 j - a ring of stealth (right claw)
 t - a ring of see invisible (left claw)
Scrolls
 k - 2 scrolls of noise
 m - 2 scrolls of magic mapping
 n - 2 scrolls of remove curse {unknown}
 q - a scroll of teleportation {unknown}
Potions
 h - 4 potions of curing
 l - a potion of haste
 p - 3 potions of heal wounds
 s - a potion of brilliance {unknown}
 u - a potion of ambrosia {unknown}
Comestibles
 f - 7 rations


   Skills:
 + Level 4.0 Fighting
 + Level 4.7 Long Blades
 + Level 4.3 Armour
 + Level 1.3 Dodging
 + Level 0.7 Stealth
 + Level 4.3 Shields


You had 6 spell levels left.
You didn't know any spells.
Your spell library contained the following spells:

 Spells                   Type           Power        Failure   Level  Hunger
 Sticks to Snakes         Tmut           #.......     100%        2    ###....
 Beastly Appendage        Tmut           Unusable     N/A         1    N/A
 Spider Form              Tmut/Pois      Unusable     N/A         3    N/A
 Ice Form                 Ice/Tmut       Unusable     N/A         4    N/A
 Blade Hands              Tmut           Unusable     N/A         5    N/A

Dungeon Overview and Level Annotations

Branches:
Dungeon (5/15)
 Temple: D:4-7

Altars:
Kikubaaqudgha

Annotations:
D:4 Dowan


Innate Abilities, Weirdness & Mutations

Your body is rotting away.
You thrive on raw meat.
You are immune to poison.
You have sharp fingernails.
You are carnivorous and can eat meat at any time.
Your flesh is cold resistant. (rC+)
You are immune to negative energy. (rN+++)
You do not regenerate when monsters are visible.
You are immune to unholy pain and torment.
You can survive without breathing.


Message History

Ouch! That really hurt!
The jackal zombie barely misses you.
You riposte.
You barely miss the jackal zombie. You slash the ogre!
The ogre is severely wounded.
The ogre hits you with a +0 giant club!
* * * LOW HITPOINT WARNING * * *
You block the jackal zombie's attack.
Unknown command.
Your chain mail prevents you from hitting the ogre.
The ogre is severely wounded.
The jackal zombie bites you but does no damage.
The ogre hits you with a +0 giant club.
* * * LOW HITPOINT WARNING * * *
You block the jackal zombie's attack.
You hit the ogre but do no damage.
The ogre is severely wounded.
The jackal zombie completely misses you.
The ogre hits you with a +0 giant club!
You die...

.#. #.# #. #.# ..? #.# #. #.#
##'# #.# .## ####.## ##...#
#.# ..# #...... ##.....##
#.####.##.#...... #.......##
#........ #.#.#..
.........####Z(.##.####.#....
........!'ZO@Z............†..
.....>...####......####.###..
#.......## ##.#.### #.# #..
##.....## ###.# #.###..
##...# #.# #...... ##'# #.#
#####.# #. #.# #.# #. #.# #.#
#.#


You could see an ogre, 2 jackal zombies and an adder skeleton.

Vanquished Creatures
  An ogre (D:4)
  A scorpion (D:5)
  2 vampire bats (D:2)
  A crimson imp (D:5)
  2 orc wizards (D:3)
  A jelly (D:5)
  2 worker ants
  A hound skeleton (D:4)
  5 adders
  4 gnolls
  An ooze (D:1)
  4 worms
  4 dart slugs
  6 leopard geckos
  14 orcs
  2 bat skeletons (D:2)
  3 bat zombies (D:2)
  6 giant cockroaches
  8 goblins
  7 hobgoblins
  5 jackals
  8 kobolds
  4 quokkas
  3 ball pythons
  7 bats
  4 frilled lizards
  6 rats
112 creatures vanquished.

Notes
Turn   | Place    | Note
-------+----------+-------------------------------------------
     0 | D:1      | Peloso the Ghoul Fighter began the quest for the Orb.
     0 | D:1      | Reached XP level 1. HP: 19/19 MP: 0/0
    62 | D:1      | Reached XP level 2. HP: 13/26 MP: 1/1
   479 | D:1      | Reached XP level 3. HP: 29/30 MP: 2/2
  1053 | D:2      | Found an ancient bone altar of Kikubaaqudgha.
  1105 | D:2      | Reached XP level 4. HP: 5/36 MP: 3/3
  1107 | D:2      | Reached XP level 5. HP: 7/44 MP: 4/4
  1720 | D:2      | Reached skill level 1 in Dodging
  2138 | D:3      | Reached XP level 6. HP: 49/52 MP: 5/5
  3471 | D:4      | Reached XP level 7. HP: 15/58 MP: 6/6
  4110 | D:4      | Noticed Dowan
  4128 | D:5      | Entered Level 5 of the Dungeon
  4424 | D:5      | Slain by an ogre

Levels and vault maps discovered:
D:1:      wander_arrival_lonely_grave, layout_loops_corners
D:2:      layout_rooms, kennysheep_vampire_church, cheibrodos_gnoll_hut
D:3:      layout_basic, first_ration
D:4:      layout_basic, lemuel_crystal_altar, minmay_pentomino_pile,
          uniq_duvessa, uniq_sigmund
D:5:      layout_loops_corners, basic_altar, grunt_ministairs_5

Skill      XL: |  1  2  3  4  5  6  7 |
---------------+----------------------+-----
Armour         | 3 4 |  4.3
Long Blades    | 2 3 4 |  4.7
Shields        | 3 4 |  4.3
Dodging        | 1 |  1.3
Fighting       | 4 |  4.0
Stealth        | |  0.7

Action                   |  1- 3 |  4- 6 |  7- 9 || total
-------------------------+-------+-------+-------++-------
Melee: Long sword        |   147 |   318 |   103 ||   568
  Use: Potion            |       |     3 |       ||     3
       Scroll            |       |     1 |     4 ||     5
  Eat: Chunk             |       |    11 |     2 ||    13
Armor: Scale mail        |   152 |    85 |       ||   237
       Chain mail        |       |    82 |    43 ||   125
Dodge: Dodged            |    93 |    69 |    22 ||   184
Block: Shield            |   140 |   163 |    64 ||   367
       Rpst.: Long sword |    29 |    23 |     7 ||    59
